 Dungeon Crawl Stone Soup version 0.25-a0-781-gc44aebf4fe (webtiles) character file.

Game seed: 10007541908849682969, levelgen mode: deterministic

126 vishdafish the Ruffian (level 4, -2/44 HPs)
             Began as a Troll Fighter on Apr 15, 2020.
             Killed from afar by an orc wizard (4 damage)
             ... with a magic dart
             ... on level 3 of the Dungeon.
             The game lasted 00:01:59 (1230 turns).

vishdafish the Ruffian (Troll Fighter)              Turns: 1230, Time: 00:01:59

Health: -2/44      AC:  6    Str: 25    XL:     4   Next: 83%
Magic:  3/3        EV:  8    Int:  4    God:
Gold:   230        SH:  9    Dex:  9    Spells: 3/3 levels left

rFire    . . .     SeeInvis .     - Unarmed
rCold    . . .     Gourm    +   b - +0 kite shield
rNeg     . . .     Faith    .   a - +0 robe
rPois    .         Spirit   .   (helmet restricted)
rElec    .         Reflect  .   u - scarf {cloud immunity}
rCorr    .         Harm     .   (gloves unavailable)
MR       .....     Rnd*Tele +   (boots unavailable)
Stlth    ..........             (no amulet)
HPRegen  0.54/turn              h - ring of teleportation (curse)
MPRegen  0.08/turn              q - ring of attention (curse)

@: mighty
A: large, unfitting armour, claws 3, fast metabolism 3, gourmand, regeneration
1, shaggy fur 1, tough skin 3
a: no special abilities


You were on level 3 of the Dungeon.
You were hungry.

You visited 1 branch of the dungeon, and saw 3 of its levels.

You collected 230 gold pieces.

Inventory:

Missiles
 v - 2 silver boomerangs (quivered)
Armour
 a - a +0 robe (worn)
 b - a +0 kite shield (worn)
 u - a scarf of cloud immunity (worn)
Jewellery
 h - a cursed ring of teleportation (left claw)
 m - an uncursed ring of magical power
 q - a cursed ring of attention (right claw)
Scrolls
 e - 4 scrolls of identify {unknown}
 f - 2 scrolls of teleportation {unknown}
 g - a scroll of blinking {unknown}
 i - 4 scrolls of immolation {unknown}
 l - a scroll of fog {unknown}
 o - a scroll of enchant weapon {unknown}
 p - a scroll of magic mapping {unknown}
 t - 2 scrolls of remove curse {unknown}
Potions
 j - a potion of heal wounds {unknown}
 k - a potion of cancellation {unknown}
 n - a potion of curing {unknown}
 r - a potion of brilliance {unknown}
 s - a potion of stabbing {unknown}
 w - a potion of mutation {unknown}
Comestibles
 d - 5 rations


   Skills:
 + Level 2.8 Fighting
 + Level 3.0 Dodging
 + Level 0.1 Stealth
 + Level 3.2 Shields
 + Level 3.3 Unarmed Combat


You had 3 spell levels left.
You didn't know any spells.
Your spell library was empty.

Dungeon Overview and Level Annotations

Branches:
Dungeon (3/15)

Altars:


Innate Abilities, Weirdness & Mutations

You are too large for most types of armour.
You have claws for hands.
Your metabolism is lightning-fast.
You like to eat raw meat.
Your natural rate of healing is unusually fast.
You are covered in fur. (AC +1)
You have extremely tough skin. (AC +3)


Message History

You scratch the dart slug.
You kill the dart slug!
The orc wizard gestures wildly while chanting.
The orc wizard blinks!
You claw the orc!
You kill the orc!
The orc wizard points at you and mumbles some strange words.
You resist with some effort.
The orc wizard gestures at you while chanting.
The magic dart hits you.
* * * LOW HITPOINT WARNING * * *
Things that are here:
an orc corpse; a dart slug corpse; an orc corpse The orc wizard casts a spell at you.
You resist with some effort.
You claw the orc wizard!
The orc wizard is heavily wounded.
The orc wizard points at you and mumbles some strange words.
The magic dart hits you.
You die...

########### ##
#.........# ..#
#.........##### ...##
......†..$#...####......
#.)...........[†@o....#
####.........[####....#
.........##...# ...#
.....######...# #.#
....## #...# # ##..#
##### #..# ##..# #...#


You could see an orc wizard.

Vanquished Creatures
  An orc priest (D:3)
  An adder (D:3)
  An ooze (D:1)
  3 worms
  A dart slug (D:3)
  2 leopard geckos
  11 orcs (D:3)
  A bat (D:1)
  2 giant cockroaches
  6 goblins
  6 hobgoblins
  5 kobolds
  2 quokkas (D:3)
  2 ball pythons
  2 frilled lizards (D:1)
  15 rats
61 creatures vanquished.

Notes
Turn   | Place    | Note
-------+----------+-------------------------------------------
     0 | D:1      | vishdafish the Troll Fighter began the quest for the Orb.
     0 | D:1      | Reached XP level 1. HP: 22/22 MP: 0/0
    99 | D:1      | Reached XP level 2. HP: 29/29 MP: 1/1
   415 | D:2      | Reached XP level 3. HP: 30/36 MP: 2/2
  1029 | D:3      | Reached XP level 4. HP: 44/44 MP: 3/3
  1228 | D:3      | HP: 1/44 [orc wizard/magic dart (5)]
  1230 | D:3      | Killed from afar by an orc wizard

Levels and vault maps discovered:
D:1:      dpeg_arrival_pond, layout_rooms, minmay_misc_feat_more_columns
D:2:      layout_loops_cross, minmay_nonomino_d4
D:3:      layout_rooms, first_ration

Skill      XL: |  1  2  3  4 |
---------------+-------------+-----
Shields        | 3 |  3.2
Dodging        | 3 |  3.0
Unarmed Combat | 3 |  3.3
Fighting       | |  2.8
Stealth        | |  0.1

Action                   |  1- 3 |  4- 6 || total
-------------------------+-------+-------++-------
Melee: Unarmed           |   116 |    49 ||   165
  Use: Potion            |       |     1 ||     1
  Eat: Chunk             |     6 |     2 ||     8
Armor: Robe              |    35 |    15 ||    50
Dodge: Dodged            |    30 |    13 ||    43
Block: Kite shield       |    46 |    16 ||    62

Table legend:
 A = Non-vault XP
 B = Vault XP
 C = Vault XP percentage of total XP
 D = Non-vault monster count
 E = Vault monster count
 F = Vault count percentage of total count
                 A         B        C        D         E       F
            +---------+---------+-------+---------+---------+-------
      Total |     172 |       8 |   4.4 |      57 |       4 |   6.6
            +---------+---------+-------+---------+---------+-------
        D:1 |      31 |       0 |   0.0 |      17 |       0 |   0.0
        D:2 |      16 |       8 |  33.3 |       9 |       4 |  30.8
        D:3 |     125 |       0 |   0.0 |      31 |       0 |   0.0
            +---------+---------+-------+---------+---------+-------
